 Dungeon Crawl Stone Soup version 0.31.0-11-ge490571c62 (webtiles) character file.

Game seed: 5604783491436949478

263 qw the Shooter (level 5, 0/26 HPs)
             Began as a Spriggan Hunter on Feb 3, 2024.
             Slain by a goblin
             ... wielding a +0 dagger
              (1 damage)
             ... on level 4 of the Dungeon.
             The game lasted 00:00:08 (2369 turns).

qw the Shooter (Spriggan Hunter)                    Turns: 2369, Time: 00:00:09

Health: 0/26       AC:  2    Str:  7    XL:     5   Next: 97%
Magic:  6/6        EV: 21    Int: 10    God:
Gold:   196        SH:  0    Dex: 21    Spells: 4/4 levels left

rFire   . . .        k - +2 sling (heavy)
rCold   . . .        (no shield)
rNeg    . . .        c - +0 robe
rPois   .            (helmet restricted)
rElec   .            (no cloak)
rCorr   .            (gloves unavailable)
SInv    +            (boots unavailable)
Will    .....        (no amulet)
Stlth   ++           (no ring)
HPRegen 0.24/turn    (no ring)
MPRegen 0.10/turn

%: no passive effects
@: very quick
A: very small, no large weapons, unfitting armour, see invisible, speed 3
a: no special abilities


You were on level 4 of the Dungeon.
You visited 1 branch of the dungeon, and saw 4 of its levels.

You collected 196 gold pieces.


Innate Abilities, Weirdness & Mutations

You are very small and have problems with some larger weapons.
You are too small for most types of armour.
You have supernaturally acute eyesight. (SInv)
You cover ground extremely quickly. (Speed+++)


   Skills:
 - Level 2.0 Fighting
 - Level 6.1 Ranged Weapons
 + Level 5.3 Dodging
 - Level 1.5 Stealth


You had 4 spell levels left.
You didn't know any spells.
Your spell library was empty.

Inventory:

Hand Weapons
 k - a +2 heavy sling (weapon)
Armour
 c - a +0 robe (worn)
Scrolls
 i - a scroll of enchant armour {unknown}
Potions
 a - a potion of degeneration {unknown}
 b - a potion of might
 d - a potion of invisibility {unknown}
 e - a potion of curing
 f - a potion of enlightenment
 g - 2 potions of brilliance {unknown}

Dungeon Overview and Level Annotations

Branches:
Dungeon (4/15)
 Temple: D:4-7

Altars:

Annotations:
D:3 1 runed translucent door, qw's ghost, amateur DEHu


Message History

You shoot a sling bullet. The sling bullet misses the orc wizard.
The orc misses you. The orc closely misses you. The orc wizard misses you.
The goblin barely misses you. The orc misses you. The orc closely misses you.
The orc wizard points at you and mumbles some strange words.
The magic dart hits you. The orc closely misses you. x2
The goblin closely misses you.
2364 ||| DRINKING potion of heal wounds.
You feel much better. The orc barely misses you.
The orc wizard completely misses you. The orc completely misses you.
The goblin barely misses you. The orc closely misses you.
You shoot a sling bullet.
The sling bullet barely misses the orc wizard.
The orc misses you.
The orc wizard gestures at you while chanting.
The magic dart hits you! The orc completely misses you. x2
The goblin barely misses you. The goblin misses you.
The orc wizard hits you but does no damage.
The orc misses you. The orc completely misses you. x2
You shoot a sling bullet.
The sling bullet barely misses the orc wizard.
The orc hits you with a +3 whip. The orc wizard misses you.
The orc completely misses you. The orc misses you.
The goblin completely misses you.
You shoot a sling bullet. The sling bullet hits the orc wizard!
You kill the orc wizard!
The orc hits you with a +3 whip. The goblin barely misses you.
The orc misses you. The orc completely misses you. x2
The orc closely misses you. The goblin barely misses you.
The orc barely misses you.
You shoot a sling bullet.
The sling bullet closely misses the orc.
The orc completely misses you. The orc barely misses you. x2
The goblin misses you. The goblin closely misses you.
The orc completely misses you. The orc misses you. x2
You shoot a sling bullet. The sling bullet hits the orc!
You kill the orc!
The orc hits you with a +0 dagger. The orc completely misses you.
The goblin hits you with a +0 dagger.
You die...

..##.......................###
#. #.......................#
....##.................#.###
#...#.....#......(........# ##
....####..........##...# .#
...# .....##...####### ..
#....## .. #.g..### ..
...##)@...># .. ......oo)..##
.. .........### .. .........#
.. )........# .. .....##... ..
....# .... .. .... ...... .#
.. .####.


You could see 2 orcs and a goblin.

Vanquished Creatures
  A bullfrog (D:4)
  A hound (D:4)
  2 orc wizards (D:4)
  4 adders
  A dart slug (D:2)
  A ribbon worm (D:3)
  2 orcs (D:4)
  9 ball pythons
  7 endoplasms
  2 giant cockroaches (D:1)
  4 goblins
  10 hobgoblins
  6 jackals (D:3)
  10 kobolds
  4 quokkas
  4 bats
  3 frilled lizards
  10 rats
81 creatures vanquished.

Notes
Turn   | Place    | Note
-------+----------+-------------------------------------------
     0 | D:1      | qw the Spriggan Hunter began the quest for the Orb.
     0 | D:1      | Reached XP level 1. HP: 10/10 MP: 2/2
     0 | D:1      | 0 ||| qw: Version: 0.3-a-157-g843a77d
     0 | D:1      | 0 ||| qw: Game counter: 3636
     0 | D:1      | 0 ||| qw: Melee chars always use a shield: true
     0 | D:1      | 0 ||| qw: God list: Okawaru
     0 | D:1      | 0 ||| qw: Allow faded altars: false
     0 | D:1      | 0 ||| qw: Do Orc after clearing Dungeon:15 true
     0 | D:1      | 0 ||| qw: Do second Lair branch before Depths: true
     0 | D:1      | 0 ||| qw: Lair rune preference: random
     0 | D:1      | 0 ||| qw: Goals: Normal
     0 | D:1      | 0 ||| PLANNING D:1-11
    41 | D:1      | Reached skill level 3 in Dodging
   123 | D:1      | Reached XP level 2. HP: 14/14 MP: 3/3
   537 | D:1      | Reached XP level 3. HP: 18/18 MP: 4/4
   714 | D:1      | 714 ||| DROPPING amulet of magic regeneration.
   715 | D:1      | 715 ||| READING scroll labelled ROEGYF NUHOA.
   716 | D:1      | 716 ||| READING scroll labelled PUPTUEZ AXACOU.
   716 | D:1      | 716 ||| BRANDING +0 shortbow.
   717 | D:1      | 717 ||| READING scroll labelled SIOS WEATROH.
   718 | D:1      | 718 ||| DRINKING 2 emerald potions.
   719 | D:1      | 719 ||| DROPPING scroll of butterflies.
  1082 | D:2      | Reached skill level 5 in Ranged Weapons
  1221 | D:2      | Reached XP level 4. HP: 22/22 MP: 5/5
  1319 | D:2      | 1319 ||| SWAPPING to +2 heavy sling.
  1320 | D:2      | 1320 ||| DROPPING +0 shortbow of chaos.
  1435 | D:2      | Found a faded altar of an unknown god.
  1531 | D:2      | 1531 ||| READING scroll labelled UGGONA NIUNK.
  1531 | D:2      | 1531 ||| IDENTIFYING grey potion
  1532 | D:2      | 1532 ||| READING scroll labelled QOGUQEMATO.
  1537 | D:2      | 1537 ||| READING scroll labelled BOVEMAF IBB.
  1538 | D:2      | 1538 ||| DRINKING 2 glowing yellow potions.
  1539 | D:2      | 1539 ||| DRINKING 2 inky potions.
  1672 | D:3      | Identified the +3 mace of the Shining Light {flame, rCorr
                  | Int+5}
  1758 | D:3      | Found a runed translucent door.
  1763 | D:3      | Noticed qw's ghost (amateur DEHu)
  2063 | D:3      | 2063 ||| DRINKING 2 bubbling cyan potions.
  2160 | D:4      | 2160 ||| FLEEEEING.
  2161 | D:4      | 2161 ||| FLEEEEING.
  2162 | D:4      | 2162 ||| FLEEEEING.
  2163 | D:4      | 2163 ||| FLEEEEING.
  2165 | D:4      | 2165 ||| FLEEEEING.
  2166 | D:4      | 2166 ||| FLEEEEING.
  2167 | D:4      | 2167 ||| FLEEEEING.
  2169 | D:4      | 2169 ||| FLEEEEING.
  2170 | D:4      | 2170 ||| FLEEEEING.
  2172 | D:4      | 2172 ||| FLEEEEING.
  2173 | D:4      | 2173 ||| FLEEEEING.
  2175 | D:4      | 2175 ||| FLEEEEING.
  2176 | D:4      | 2176 ||| FLEEEEING.
  2177 | D:4      | 2177 ||| FLEEEEING.
  2275 | D:4      | Noticed a bullfrog
  2276 | D:4      | 2276 ||| DRINKING potion of haste.
  2282 | D:4      | Killed a bullfrog
  2283 | D:4      | Reached XP level 5. HP: 26/26 MP: 6/6
  2357 | D:4      | Reached skill level 6 in Ranged Weapons
  2359 | D:4      | HP: 6/26 [orc wizard/+0 dagger (3)]
  2360 | D:4      | 2360 ||| DRINKING 2 potions of heal wounds.
  2363 | D:4      | HP: 2/26 [orc wizard/magic dart (5)]
  2364 | D:4      | 2364 ||| DRINKING potion of heal wounds.
  2369 | D:4      | HP: 1/26 [orc/+0 dagger (3)]
  2369 | D:4      | Slain by a goblin

Levels and vault maps discovered:
D:1:      heliophobic_arrival_battle_scene, layout_basic
D:2:      layout_basic, hellmonk_ecumenical_altar_inner_sanctum,
          minmay_small_reverse_x
D:3:      layout_rooms, ebering_ghost_reflecting_pool
D:4:      layout_cave_pools

Skill      XL: |  1  2  3  4  5 |
---------------+----------------+-----
Dodging        | 3 4 5 |  5.3
Ranged Weapons | 5 6 |  6.1
Fighting       | 2 |  2.0
Stealth        | |  1.5

Action                     |  1- 3 |  4- 6 || total
---------------------------+-------+-------++-------
   Fire: Shortbow          |   100 |     3 ||   103
         Sling             |       |    82 ||    82
    Use: Scroll            |     3 |     3 ||     6
         Potion            |     1 |     6 ||     7
 Armour: Robe              |     2 |    27 ||    29
  Dodge: Dodged            |    12 |   115 ||   127

Table legend:
 A = Non-vault XP
 B = Vault XP
 C = Vault XP percentage of total XP
 D = Non-vault monster count
 E = Vault monster count
 F = Vault count percentage of total count
                 A         B        C        D         E       F
            +---------+---------+-------+---------+---------+-------
      Total |     360 |      19 |   5.0 |      77 |       4 |   4.9
            +---------+---------+-------+---------+---------+-------
        D:1 |      43 |       0 |   0.0 |      27 |       0 |   0.0
        D:2 |      47 |      19 |  28.8 |      20 |       4 |  16.7
        D:3 |      57 |       0 |   0.0 |      20 |       0 |   0.0
        D:4 |     213 |       0 |   0.0 |      10 |       0 |   0.0
            +---------+---------+-------+---------+---------+-------
